Map: LOTV Build Order Tester

Players

TerrorStrike

  • Race: Terran Terran
  • Spawn Location: 7:00

VOD

Have the link to the VOD?

Description

idk

Time

  • Played on: Aug. 11, 2019, 10:28 p.m.
  • Length: 8:20
Show
View Real Time Build Order
Export as new Build Order

TerrorStrike Terran 

Build Orders:  

Get SALT Encoding   

  12  0:02  SCV  
  13  0:16  SCV  
  14  0:26  Supply Depot  
  14  0:28  SCV  
  14  0:34  Refinery  
  15  0:48  SCV  
  16  0:50  Barracks  
  16  1:00  SCV  
  17  1:13  SCV  
  18  1:33  SCV  
  18  1:37  Marine  
  20  1:42  Command Center  
  20  1:49  Orbital Command  
  20  2:01  Barracks Reactor  
  20  2:05  Supply Depot  
  20  2:24  Factory  
  20  2:27  Refinery  
  20  2:33  Supply Depot  
  20  2:35  SCV  
  21  2:37  Marine  
  21  2:38  Marine  
  23  3:05  Engineering Bay  
  23  3:06  SCV  
  24  3:24  Orbital Command  
  24  3:27  Factory Tech Lab  
  24  3:29  Marine  
  24  3:31  Engineering Bay  
  24  3:33  Terran Infantry Weapons Level 1  
  25  3:38  SCV  
  26  3:51  Starport  
  26  3:52  Siege Tank  
  26  3:53  Marine x2  
  31  4:02  SCV x2  
  33  4:06  Terran Infantry Armor Level 1  
  33  4:16  Armory  
  33  4:17  SCV x2  
  33  4:20  Marine x2  
  37  4:35  Starport Reactor  
  37  4:39  Marine x2  
  39  4:53  Barracks  
  39  5:02  SCV x2  
  41  5:09  Siege Tank  
  41  5:12  Medivac  
  46  5:18  SCV  
  46  5:19  SCV  
  48  5:22  Marine x2  
  48  5:26  Medivac  
  52  5:42  Barracks  
  52  5:49  Marine x2  
  54  5:50  Barracks Tech Lab  
  54  6:07  Supply Depot  
  54  6:08  Supply Depot  
  54  6:11  Supply Depot  
  54  6:24  Refinery  
  54  6:27  Refinery  
  54  6:29  Medivac, SCV x2, Marauder, Marine x2  
  54  6:30  Siege Tank  
  54  6:31  Barracks  
  54  6:32  Supply Depot  
  65  6:39  Supply Depot  
  65  6:40  Supply Depot, Barracks Reactor  
  65  6:43  SCV x2  
  65  6:46  Marine  
  67  6:47  Marine  
  67  6:51  Marauder  
  67  6:52  Medivac  
  73  7:01  Supply Depot  
  73  7:07  Supply Depot  
  73  7:16  SCV x2  
  73  7:17  Marine  
  73  7:18  Marine x3  
  73  7:20  Marauder, Barracks  
  81  7:23  Barracks Reactor  
  81  7:39  SCV  
  81  7:40  SCV  
  81  7:41  Marine  
  81  7:42  Command Center  
Tags
 
Add a new tag
Caveats
  • Supply blocks, unpowered buildings, or Contaminate may cause inaccurate times.
  • Supply counts are checked every 10 seconds.